 Dungeon Crawl Stone Soup version 0.24.0-1-gfbc8707 (webtiles) character file.

Game seed: 1651657718955085161, levelgen mode: deterministic

48588 gilim the Blocker (level 14, -10/88 HPs)
             Began as a Gargoyle Fighter on Nov 6, 2019.
             Was the Champion of Cheibriados.
             Mangled by an orc knight
             ... wielding a +0 bardiche
              (16 damage)
             ... while paralysed by an orc sorcerer
             ... on level 1 of the Orcish Mines.
             The game lasted 01:28:22 (18012 turns).

gilim the Blocker (Gargoyle Fighter)               Turns: 18012, Time: 01:28:24

Health: -10/88     AC: 31    Str: 37    XL:     14   Next: 47%
Magic:  23/23      EV:  2    Int: 30    God:    Cheibriados [******]
Gold:   1937       SH:  0    Dex: 24    Spells: 24/26 levels left

rFire    + . .     SeeInvis .   T - +2 war axe (vamp)
rCold    + + .     Gourm    .   c - +0 shield
rNeg     + . .     Faith    .   U - +11 scale mail of Ogoed {-Tele rCorr Int+3}
rPois    ∞         Spirit   .   (helmet restricted)
rElec    +         Reflect  +   S - scarf {rC+ rF+}
rCorr    +         Harm     .   t - +0 pair of gloves
MR       ++...     NoTele   +   H - +0 pair of boots
Stlth    +.........             w - +6 amulet of reflection
HPRegen  0.24/turn              n - ring of protection from magic
MPRegen  0.18/turn              r - ring of protection from cold

@: paralysed, flying, very slow
A: antennae 1, big wings, hooves 1, negative energy resistance 1, screaming 1,
electricity resistance, unbreathing, petrification resistance, rot immunity,
MP-powered wands, AC +10
a: Stop Flying, Bend Time, Temporal Distortion, Slouch, Step From Time, Renounce
Religion


You were on level 1 of the Orcish Mines.
You worshipped Cheibriados.
Cheibriados was exalted by your worship.
You were hungry.

You visited 4 branches of the dungeon, and saw 20 of its levels.

You collected 1937 gold pieces.

Inventory:

Hand Weapons
 u - a +2 broad axe of draining
 P - a +3 flail of protection
 Q - the +10 hand axe "Soaphup" {chop, rF+ rN+}
   (You found it on level 10 of the Dungeon)

   It inflicts extra damage upon your enemies.
   It protects you from fire.
   It protects you from negative energy.
 T - a +2 vampiric war axe (weapon)
 W - a +0 hand axe of flaming
Missiles
 k - 71 poisoned darts
 l - 2 atropa-tipped darts (quivered)
 C - 3 curare-tipped darts
 O - 10 javelins
Armour
 a - a +3 troll leather armour {Snorg}
 c - a +0 shield (worn)
 t - a +0 pair of gloves (worn)
 A - the +5 chain mail "Ekocw" {rElec Stlth+}
   (You found it on level 4 of the Dungeon)

   It insulates you from electricity.
   It makes you more stealthy.
 H - a +0 pair of boots (worn)
 N - the +1 ring mail of Catatonia {rF+ MR+}
   (You found it on level 9 of the Dungeon)

   It protects you from fire.
   It affects your resistance to hostile enchantments.
 S - a scarf of resistance (worn)
 U - the +11 scale mail of Ogoed (worn) {-Tele rCorr Int+3}
   (You found it on level 3 of the Lair of Beasts)

   It affects your intelligence (+3).
   It prevents most forms of teleportation.
   It provides partial protection from all sources of acid and corrosion.
Jewellery
 n - a ring of protection from magic (left hand)
 r - a ring of protection from cold (right hand)
 w - a +6 amulet of reflection (around neck)
 x - an uncursed ring of ice
 y - an uncursed ring of protection from magic
Wands
 h - a wand of scattershot (6)
 v - a wand of paralysis (27)
 D - a wand of acid (2)
 F - a wand of disintegration (2)
 K - a wand of flame (56)
 M - a wand of clouds (5)
 R - a wand of polymorph (5)
Scrolls
 b - 7 scrolls of remove curse
 g - 10 scrolls of teleportation
 j - 15 scrolls of identify
 m - 3 scrolls of blinking
 o - a scroll of amnesia
 B - a scroll of magic mapping
Potions
 d - 4 potions of might
 e - 3 potions of heal wounds
 i - 7 potions of curing
 p - 6 potions of cancellation
 q - 6 potions of brilliance
 z - a potion of lignification
 G - a potion of ambrosia
 I - 2 potions of flight
 J - 4 potions of agility
 L - a potion of resistance
Comestibles
 f - 33 rations


   Skills:
 - Level 10.0 Fighting
 + Level 10.2 Axes
 - Level 6.0 Armour
 + Level 8.7 Dodging
 + Level 14.4 Shields
 + Level 6.6 Spellcasting
 - Level 8.0 Invocations
 + Level 4.5 Evocations


You had 24 spell levels left.
You knew the following spells:

 Your Spells              Type           Power        Failure   Level  Hunger
a - Blink                 Tloc           N/A          14%         2    None

Your spell library contained the following spells:

 Spells                   Type           Power        Failure   Level  Hunger
 Animate Skeleton         Necr           N/A          10%         1    None
 Apportation              Tloc           #.....       10%         1    None
 Beastly Appendage        Tmut           #.....       10%         1    None
 Confusing Touch          Hex            #.....       10%         1    None
 Magic Dart               Conj           #...         10%         1    None
 Summon Small Mammal      Summ           #...         10%         1    None
 Call Imp                 Summ           #.......     14%         2    None
 Shroud of Golubria       Chrm/Tloc      #.....       14%         2    None
 Slow                     Hex            #.......     14%         2    None
 Sticks to Snakes         Tmut           #.......     14%         2    None
 Conjure Flame            Conj/Fire      #.......     28%         3    None
 Gell's Gravitas          Tloc           #.........   28%         3    None
 Lesser Beckoning         Tloc           #.........   28%         3    None
 Mephitic Cloud           Conj/Pois/Air  #.......     28%         3    None
 Portal Projectile        Hex/Tloc       #.....       28%         3    None
 Spider Form              Tmut/Pois      #.........   28%         3    None
 Teleport Other           Tloc           #.......     28%         3    None
 Force Lance              Conj/Tloc      #.......     67%         4    ##.....
 Ice Form                 Ice/Tmut       #.......     67%         4    ##.....
 Passage of Golubria      Tloc           N/A          67%         4    ##.....
 Blade Hands              Tmut           #.........   95%         5    #####..
 Dispersal                Tloc           #.........   100%        6    ######.
 Controlled Blink         Tloc           N/A          100%        8    #######
 Disjunction              Tloc           #.........   100%        8    #######


Dungeon Overview and Level Annotations

Branches:
Dungeon (11/15)            Temple (1/1) D:6            Lair (6/6) D:8
 Shoals (0/4) Lair:4        Snake (0/4) Lair:2        Slime (0/5) Lair:6
    Orc (2/2) D:11            Elf (0/3) Orc:2

Altars:
Ashenzari
Cheibriados
Dithmenos
Elyvilon
Fedhas
Hepliaklqana
Makhleb
Okawaru
Qazlal
Ru
Sif Muna
Trog
Vehumet
Wu Jian
Xom
Yredelemnul
Zin
The Shining One
Jiyva

Shops:
D:9 *   Orc:1 *

Portals:
Hell: Lair:6


Innate Abilities, Weirdness & Mutations

You are resistant to torment.
Your stone body is resilient. (AC +10)
You are immune to poison.
Your large and strong wings let you fly indefinitely.
You resist negative energy. (rN+)
You are resistant to electric shocks. (rElec)
You can survive without breathing.
You are immune to petrification.
You are immune to rotting.
You have a pair of small antennae on your head.
You have large cloven feet.
You occasionally shout uncontrollably at your foes.
You expend magic power (3 MP) to strengthen your wands.


Message History

You block the orc warrior's attack.
You are too injured to fight recklessly!
Unknown command.
You are too injured to fight recklessly!
The warg bites you but does no damage. You block the orc's attack.
The warg bites you but does no damage. You block the ogre's attack.
The orc warrior hits you with a +2 short sword of venom.
* * * LOW HITPOINT WARNING * * *
Something closely misses you.
The orc sorcerer gestures at you while chanting.
You suddenly lose the ability to move!
The orc warrior hits you but does no damage.
The warg bites you but does no damage. The warg bites you but does no damage.
The orc warrior hits you but does no damage.
The orc hits you but does no damage.
The orc warrior hits you with a +2 short sword of venom!!
* * * LOW HITPOINT WARNING * * *
The orc knight hits you from afar with a +0 bardiche!
You die...

...........##
.#...........
............
...........
....oOoo..##
.....oooo..#
.....oooh.#..##
.....4h@{.....#
.#....O)o.....#
..#....o.......
...............
.........#.....
.#......##.....
......... ....
......... ....


You could see an orc warlord, an orc knight, a chaos spawn, 2 wargs, an orc
sorcerer, 4 orc warriors, 2 ogres, an orc priest, an orc wizard and 3 orcs.

Vanquished Creatures
  Snorg (D:11)
  Fannar (Lair:2)
  Josephine (Lair:4)
  A centaur warrior (D:10)
  2 hydras
  2 two-headed ogres
  A sun demon (Lair:6)
  An unseen horror (D:10)
  A wizard (Lair:6)
  An orc knight (D:10)
  3 oklob plants
  A manticore (Lair:4)
  9 elephants
  2 gargoyles (D:11)
  5 black mambas
  3 orange demons (Lair:6)
  A smoke demon (Lair:6)
  11 spiny frogs
  2 centaur skeletons
  A kobold demonologist (D:11)
  4 rime drakes (Lair:6)
  4 komodo dragons
  2 ice devils (Lair:6)
  A meliai (D:10)
  A wolf spider simulacrum (D:10)
  3 trolls
  A hornet (D:10)
  A polar bear (Lair:6)
  11 blink frogs
  3 dream sheep (Lair:6)
  7 slime creatures (D:8)
  10 hippogriffs
  A shadow (D:11)
  2 wyverns
  A spriggan (D:8)
  5 wraiths
  29 yaks
  Grum (D:11)
  3 hungry ghosts
  2 basilisks
  A soldier ant (D:10)
  3 wargs
  4 hell hounds (Lair:6)
  7 porcupines
  9 water moccasins
  3 phantoms
  A hornet zombie (D:9)
  5 ice beasts
  2 black bears
  11 orc warriors
  13 ogres
  3 wolves (D:11)
  2 centaurs
  14 crocodiles
  2 big kobolds
  11 bullfrogs
  3 scorpions
  52 killer bees
  9 wights (D:10)
  2 howler monkeys
  5 crimson imps
  A centaur zombie (D:5)
  2 bullfrog zombies
  7 hounds
  2 quasits
  3 bullfrog skeletons
  A jelly (D:6)
  Crazy Yiuf (D:4)
  13 orc priests
  14 orc wizards
  Ijyb (D:3)
  2 iguanas
  12 worker ants
  3 hound zombies
  4 hound skeletons
  A howler monkey zombie (D:8)
  4 worker ant zombies
  9 adders
  8 gnolls
  5 shadow imps
  2 oozes
  A worm (D:2)
  A dart slug (D:2)
  6 leopard geckos
  42 orcs
  8 bats
  5 giant cockroaches
  15 goblins
  5 hobgoblins
  17 jackals
  3 quokkas
  3 ball pythons
  6 frilled lizards
  2 jackal zombies
  13 kobolds
  A leopard gecko skeleton (D:7)
  2 quokka skeletons (D:4)
  6 rats
  3 fungi
  2 plants
540 creatures vanquished.

Vanquished Creatures (others)
  A cyclops (D:11)
  A centaur (D:6)
  2 fungi (Lair:4)
  6 plants
10 creatures vanquished.

Grand Total: 550 creatures vanquished

Notes
Turn   | Place    | Note
-------+----------+-------------------------------------------
     0 | D:1      | gilim the Gargoyle Fighter began the quest for the Orb.
     0 | D:1      | Reached XP level 1. HP: 14/14 MP: 1/1
   419 | D:1      | Reached XP level 2. HP: 17/19 MP: 2/2
   832 | D:2      | Reached skill level 4 in Shields
   832 | D:2      | Reached XP level 3. HP: 22/23 MP: 3/3
   835 | D:2      | Found a shadowy altar of Dithmenos.
  1371 | D:2      | Reached XP level 4. HP: 16/29 MP: 4/4
  2018 | D:2      | Reached XP level 5. HP: 30/33 MP: 5/5
  2191 | D:3      | Reached skill level 5 in Shields
  2980 | D:3      | Noticed Ijyb
  3004 | D:3      | Killed Ijyb
  3004 | D:3      | Reached XP level 6. HP: 39/39 MP: 6/6
  3302 | D:4      | Found a white marble altar of Elyvilon.
  3438 | D:4      | Got a transparent chain mail
  3439 | D:4      | Identified the +5 chain mail "Ekocw" {rElec Stlth+} (You
                  | found it on level 4 of the Dungeon)
  3477 | D:4      | Reached skill level 6 in Shields
  3606 | D:4      | Found a glowing silver altar of Zin.
  3938 | D:4      | Found a runed translucent door.
  3939 | D:4      | Noticed Crazy Yiuf
  3947 | D:4      | Killed Crazy Yiuf
  4016 | D:5      | Entered Level 5 of the Dungeon
  4091 | D:5      | Reached skill level 5 in Fighting
  4091 | D:5      | Reached XP level 7. HP: 44/44 MP: 7/7
  4116 | D:5      | Found a shattered altar of Ashenzari.
  4196 | D:5      | Reached skill level 7 in Shields
  4453 | D:5      | Reached XP level 8. HP: 43/51 MP: 8/8
  4615 | D:5      | Found a blossoming altar of Fedhas.
  4649 | D:5      | Found a basalt altar of Yredelemnul.
  4663 | D:5      | Found a bloodstained altar of Trog.
  4669 | D:5      | Found a shimmering blue altar of Sif Muna.
  4672 | D:5      | Found a stormy altar of Qazlal.
  4760 | D:5      | Reached skill level 8 in Shields
  4838 | D:5      | Found a burning altar of Makhleb.
  5280 | D:6      | Found a staircase to the Ecumenical Temple.
  5289 | Temple   | Entered the Ecumenical Temple
  5333 | Temple   | Became a worshipper of Cheibriados the Contemplative
  5467 | D:6      | Reached skill level 5 in Axes
  5621 | D:6      | Reached skill level 9 in Shields
  6310 | D:7      | Reached XP level 9. HP: 56/56 MP: 9/9
  6332 | D:7      | Found a sacrificial altar of Ru.
  6445 | D:7      | Gained mutation: You are somewhat resistant to further
                  | mutation. [potion of mutation]
  6446 | D:7      | Lost mutation: You are somewhat resistant to further
                  | mutation. [potion of mutation]
  6446 | D:7      | Gained mutation: You are frail. (-10% HP) [potion of
                  | mutation]
  6446 | D:7      | Gained mutation: You have large cloven feet. [potion of
                  | mutation]
  6446 | D:7      | Lost mutation: You are frail. (-10% HP) [potion of
                  | mutation]
  6446 | D:7      | Gained mutation: Your muscles are strong. (Str +2) [potion
                  | of mutation]
  6697 | D:7      | Found a shimmering altar of Xom.
  6900 | D:8      | Found a transporter.
  6980 | D:8      | Reached skill level 10 in Shields
  6990 | D:8      | Found a staircase to the Lair.
  7271 | D:8      | Reached skill level 1 in Invocations
  7399 | D:8      | Reached skill level 1 in Dodging
  7463 | D:8      | Found a transporter.
  7482 | D:8      | Reached * piety under Cheibriados
  7571 | D:8      | Found a radiant altar of Vehumet.
  7779 | D:9      | Reached XP level 10. HP: 60/64 MP: 10/12
  8064 | D:9      | Reached ** piety under Cheibriados
  8091 | D:9      | Got an ancient ring mail
  8092 | D:9      | Identified the +1 ring mail of Catatonia {rF+ MR+} (You
                  | found it on level 9 of the Dungeon)
  8111 | D:9      | Found Conaomoz's Lightly-Used Armoury.
  8596 | D:10     | Entered Level 10 of the Dungeon
  8980 | D:10     | Noticed a two-headed ogre
  8991 | D:10     | Killed a two-headed ogre
  8991 | D:10     | Reached skill level 11 in Shields
  9065 | D:10     | Got a smoking hand axe
  9066 | D:10     | Identified the +10 hand axe "Soaphup" {chop, rF+ rN+} (You
                  | found it on level 10 of the Dungeon)
  9172 | D:10     | Reached skill level 5 in Invocations
  9187 | D:10     | Killed an unseen horror
  9187 | D:10     | Reached *** piety under Cheibriados
  9187 | D:10     | Reached XP level 11. HP: 35/71 MP: 14/14
  9455 | D:10     | Lost mutation: You have large cloven feet. [potion of
                  | mutation]
  9455 | D:10     | Gained mutation: You occasionally shout uncontrollably at
                  | your foes. [potion of mutation]
  9455 | D:10     | Gained mutation: Your magical capacity is low. (-10% MP)
                  | [potion of mutation]
  9455 | D:10     | Gained mutation: Your magical capacity is very low. (-20%
                  | MP) [potion of mutation]
  9455 | D:10     | Lost mutation: Your magical capacity is very low. (-20% MP)
                  | [potion of mutation]
  9470 | D:10     | Found the +3 giant club "Skullcrusher" {speed, Str+7}
  9470 | D:10     | Noticed a centaur warrior
  9470 | D:10     | Noticed an orc knight
  9498 | D:10     | Killed a centaur warrior
  9515 | D:10     | Killed an orc knight
  9547 | D:10     | Got a polished scale mail
  9558 | D:10     | Identified the cursed +0 scale mail "Lidafiunt" {rPois
                  | Str+3} (You found it on level 10 of the Dungeon)
  9805 | D:10     | Reached **** piety under Cheibriados
  9988 | D:10     | Found a glowing golden altar of the Shining One.
 10300 | D:8      | Reached skill level 10 in Fighting
 10306 | D:8      | Reached skill level 5 in Dodging
 10414 | Lair:1   | Entered Level 1 of the Lair of Beasts
 10520 | Lair:1   | Reached skill level 12 in Shields
 10704 | Lair:1   | Noticed a four-headed hydra
 10717 | Lair:1   | Killed a four-headed hydra
 10755 | Lair:1   | Reached XP level 12. HP: 77/77 MP: 15/15
 11208 | Lair:2   | Noticed Fannar
 11232 | Lair:2   | Killed Fannar
 11343 | Lair:2   | Found a staircase to the Snake Pit.
 12098 | Lair:3   | Noticed a five-headed hydra
 12120 | Lair:3   | Killed a five-headed hydra
 12580 | Lair:3   | Reached skill level 1 in Spellcasting
 12590 | Lair:3   | HP: 1/77 [komodo dragon (16)]
 12733 | Lair:3   | Got a garnet-encrusted scale mail
 12734 | Lair:3   | Identified the +11 scale mail of Ogoed {-Tele rCorr Int+3}
                  | (You found it on level 3 of the Lair of Beasts)
 13239 | Lair:4   | Found a staircase to the Shoals.
 13264 | Lair:4   | Reached skill level 13 in Shields
 13337 | Lair:4   | Lost mutation: Your muscles are strong. (Str +2) [potion of
                  | mutation]
 13337 | Lair:4   | Gained mutation: You have a pair of small antennae on your
                  | head. [potion of mutation]
 13337 | Lair:4   | Gained mutation: Your muscles are strong. (Str +2) [potion
                  | of mutation]
 13337 | Lair:4   | Gained mutation: You are somewhat resistant to further
                  | mutation. [potion of mutation]
 13457 | Lair:4   | Noticed Josephine
 13476 | Lair:4   | Reached skill level 5 in Armour
 13476 | Lair:4   | Reached XP level 13. HP: 82/82 MP: 17/17
 13489 | Lair:4   | Killed Josephine
 13490 | Lair:4   | Reached ***** piety under Cheibriados
 14371 | Lair:5   | Reached skill level 10 in Axes
 14499 | Lair:5   | Reached ****** piety under Cheibriados
 15135 | Lair:6   | Entered Level 6 of the Lair of Beasts
 15290 | Lair:6   | Reached skill level 1 in Evocations
 15336 | Lair:6   | Reached skill level 5 in Spellcasting
 15422 | Lair:6   | Found a viscous altar of Jiyva.
 15423 | Lair:6   | Found a staircase to the Slime Pits.
 15734 | Lair:6   | Reached skill level 14 in Shields
 15887 | Lair:6   | Learned a level 2 spell: Blink
 15892 | Lair:6   | Gained mutation: Your large and strong wings let you fly
                  | indefinitely. [Gargoyle growth]
 15892 | Lair:6   | Reached XP level 14. HP: 88/88 MP: 20/20
 15927 | Lair:6   | Found a burning altar of Makhleb.
 16185 | Lair:6   | Found a gateway to Hell.
 16543 | D:11     | Noticed Snorg
 16556 | D:11     | Killed Snorg
 16557 | D:11     | Found a staircase to the Orcish Mines.
 16593 | D:11     | Noticed Grum
 16604 | D:11     | Killed Grum
 16844 | D:11     | Lost mutation: Your magical capacity is low. (-10% MP)
                  | [potion of mutation]
 16844 | D:11     | Lost mutation: Your muscles are strong. (Str +2) [potion of
                  | mutation]
 16844 | D:11     | Lost mutation: You are somewhat resistant to further
                  | mutation. [potion of mutation]
 16844 | D:11     | Gained mutation: You expend magic power (3 MP) to
                  | strengthen your wands. [potion of mutation]
 16844 | D:11     | Gained mutation: You have large cloven feet. [potion of
                  | mutation]
 17197 | Orc:1    | Entered Level 1 of the Orcish Mines
 17197 | Orc:1    | Found Nyirirph's General Store.
 17579 | Orc:2    | Entered Level 2 of the Orcish Mines
 17964 | Orc:2    | Found a staircase to the Elven Halls.
 18002 | Orc:1    | Noticed an orc warlord
 18011 | Orc:1    | Paralysed by an orc sorcerer for 2 turns
 18012 | Orc:1    | Mangled by an orc knight

Levels and vault maps discovered:
D:1:      kennysheep_arrival_forest, layout_basic, minivault_25
D:2:      minmay_skewed_foursquare, layout_loops_ring, lemuel_doored_altar
D:3:      kennysheep_the_goblin_king, layout_basic, uniq_ijyb
D:4:      layout_basic, elyvilon_altar_5, lemuel_round_altar, first_ration,
          minmay_crossroads, uniq_crazy_yiuf_cottage
D:5:      minmay_recursive_quarters, layout_rooms,
          nicolae_overflow_crystal_walls, overflow_temple_1_default,
          lemuel_coloured_pillars_altar, grunt_temple_overflow_cloverleaf
D:6:      layout_cave_pods, temple_fountains
D:7:      layout_basic, overflow_temple_1_default, basic_altar
D:8:      gammafunk_jiyva_shrine, layout_cave_pools, kennysheep_mini,
          erik_lair_orcish_takeover, minmay_misc_feat_x, the_bakery
D:9:      layout_basic, serial_bayou_pond_e, minmay_shop_damaged,
          minmay_checkerbox
D:10:     minmay_the_grid_triangle_9x9_rhombus_full
          [minmay_the_grid_triangle_9x9_flanged_cone,
          minmay_the_grid_triangle_9x9_limited_checkers,
          minmay_the_grid_triangle_9x9_pentomino_pain,
          minmay_the_grid_triangle_9x9_zippers_horizontal,
          minmay_the_grid_triangle_9x9_steps,
          minmay_the_grid_triangle_9x9_odd_lines,
          minmay_the_grid_triangle_9x9_intruding_spiral,
          minmay_the_grid_triangle_9x9_prize_center], layout_basic,
          serial_bayou_pond_a, tso_altar
D:11:     layout_loops_ring, orc_0_dummy, minivault_16, uniq_grum, uniq_snorg
Temple:   dpeg_chambers_temple
Lair:1:   layout_small_grid, lemuel_fruit_fields, lemuel_fruit_tree
Lair:2:   layout_hall_layers, dummy_snake_entry, lemuel_fruit_fields,
          uniq_fannar
Lair:3:   layout_cave_pods
Lair:4:   layout_regular_city, minmay_shoals_entry_beasts,
          minmay_lair_oklob_chamber, uniq_josephine
Lair:5:   wad_woods_minihive, layout_cave_pods
Lair:6:   evil_forest, layout_small_grid, dpeg_slime_entry_enclosed_altar
Orc:1:    layout_caves, serial_shops, shop_statue, basic_altar, mines3_lemuel
Orc:2:    st_orc_rangers, layout_diamond_mine

Skill      XL: |  1  2  3  4  5  6  7  8  9 10 11 12 13 14 |
---------------+-------------------------------------------+-----
Axes           | 2 3 4 5 6 7 8 9 10 | 10.2
Shields        | 4 5 6 7 9 10 11 12 13 14 | 14.4
Fighting       | 4 5 6 8 9 10 | 10.0
Invocations    | 2 5 7 8 |  8.0
Dodging        | 2 4 5 6 8 |  8.7
Spellcasting   | 2 5 6 |  6.6
Armour         | 5 6 |  6.0
Evocations     | 3 4 |  4.5

Action                   |  1- 3 |  4- 6 |  7- 9 | 10-12 | 13-15 || total
-------------------------+-------+-------+-------+-------+-------++-------
Melee: War axe           |   114 |   288 |   319 |    70 |   634 ||  1425
       Broad axe         |       |       |    59 |   132 |       ||   191
       Hand axe          |       |       |       |   297 |       ||   297
       Flail             |       |       |       |    29 |       ||    29
Throw: Dart              |       |       |    10 |     6 |       ||    16
Invok: Slouch            |       |       |       |     2 |     3 ||     5
 Abil: Fly               |       |       |       |       |     1 ||     1
Evoke: Wand              |       |       |     5 |     4 |     3 ||    12
  Use: Scroll            |       |     1 |     9 |     6 |     2 ||    18
       Potion            |       |       |    11 |     5 |     2 ||    18
 Stab: Invisible         |       |       |       |       |     3 ||     3
  Eat: Chunk             |     2 |    15 |     4 |    13 |    10 ||    44
       Ration            |       |       |     2 |     1 |       ||     3
Armor: Scale mail        |    70 |    85 |       |    60 |   241 ||   456
       Plate armour      |       |    58 |       |       |       ||    58
       Chain mail        |       |    23 |   209 |   213 |       ||   445
Dodge: Dodged            |    33 |    77 |    67 |   194 |   388 ||   759
Block: Shield            |    50 |   201 |   421 |   574 |   842 ||  2088
       Reflection        |       |       |     5 |     7 |    16 ||    28
